 Dungeon Crawl Stone Soup version 0.17-a0-1186-gbffdd7f (webtiles) character file.

8196 AnnoyedKobold the Unseen (level 11, -2/49 HPs)
             Began as a Spriggan Assassin on June 1, 2015.
             Was a High Priest of Dithmenos.
             Killed from afar by a lava snake (8 damage)
             ... with a glob of lava
             ... while paralysed by a giant eyeball
             ... in a labyrinth.
             The game lasted 00:47:53 (13806 turns).

AnnoyedKobold the Unseen (Spriggan Assassin)       Turns: 13806, Time: 00:47:53

Health: -2/49      AC:  5    Str:  7    XL:     11   Next: 6%
Magic:  12/12      EV:  4    Int: 12    God:    Dithmenos [*****.]
Gold:   175        SH:  0    Dex: 22    Spells: 0 memorised, 10 levels left

rFire  . . .     SeeInvis +     E - +4 short sword (elec)
rCold  + . .     Clarity  +     I - +2 robe {rC+}
rNeg   + . .     SustAt   .     (shield restricted)
rPois  .         Gourm    .     (helmet restricted)
rElec  .         Spirit   .     d - +0 cloak
rCorr  .         Warding  .     (gloves unavailable)
rMut   .         Stasis   .     (boots unavailable)
MR     ++...                    O - amulet of clarity
Stlth  ++++++++++               K - ring of protection from magic
                                k - ring of positive energy

@: paralysed, wreathed by umbra, very quick, very resistant to hostile
enchantments, uncannily stealthy
A: unfitting armour, see invisible, herbivore 3, speed 3, slow metabolism 2
a: Shadow Step, Shadow Form, Renounce Religion


You were in a labyrinth.
You worshipped Dithmenos.
Dithmenos was extremely pleased with you.
You were not hungry.

You visited 3 branches of the dungeon, and saw 11 of its levels.
You also visited: Labyrinth.

You collected 536 gold pieces.
You spent 361 gold pieces at shops.

Inventory:

Hand weapons
 b - a +0 blowgun
 E - a +4 short sword of electrocution (weapon)
Missiles
 e - 59 poisoned needles
 f - 7 curare-tipped needles
 p - a throwing net (quivered)
 x - 3 needles of sleeping
Armour
 d - a +0 cloak (worn)
 I - a +2 robe of cold resistance (worn)
Jewellery
 i - an uncursed amulet of warding
 j - an uncursed ring of fire
 k - a ring of positive energy (left hand)
 n - an uncursed ring of sustain attributes
 q - an uncursed ring of ice
 B - an uncursed amulet of guardian spirit {unknown}
 K - a ring of protection from magic (right hand)
 N - an uncursed amulet of regeneration
 O - an amulet of clarity (around neck)
Magical devices
 c - a wand of cold (10)
 o - a wand of confusion (48)
 y - a wand of polymorph (7)
 F - a wand of draining (9)
 J - a wand of heal wounds (6)
Scrolls
 a - 2 scrolls of identify
 h - 2 scrolls of teleportation
 l - 6 scrolls of remove curse
 m - 3 scrolls of recharging
 C - 2 scrolls of fear
 D - a scroll of fog
Potions
 r - 2 potions of brilliance
 t - 5 potions of curing
 u - a potion of might
 v - 2 potions of agility
 z - a potion of flight
 H - 2 potions of heal wounds
 M - a potion of cure mutation
Books
 s - a Necronomicon {highlevel}

   This book is beyond your current level of understanding.

   Spells                             Type                      Level
   a - Haunt                          Necromancy/Summoning         7
   b - Borgnjor's Revivification      Necromancy                   8
   c - Death's Door                   Charms/Necromancy            8
   d - Necromutation                  Transmutation/Necromancy     8
 A - a Grand Grimoire {highlevel}

   This book is beyond your current level of understanding.

   Spells                             Type                      Level
   a - Monstrous Menagerie            Summoning                    6
   b - Summon Greater Demon           Summoning                    7
   c - Malign Gateway                 Summoning/Translocation      7
   d - Summon Horrible Things         Summoning                    8
 G - a book of Summonings

   Spells                             Type                      Level
   a - Recall                         Summoning/Translocation      3
   b - Aura of Abjuration             Summoning                    5
   c - Shadow Creatures               Summoning                    5
   d - Summon Demon                   Summoning                    5
   e - Summon Forest                  Summoning/Translocation      5
   f - Summon Mana Viper              Hexes/Summoning              5
Comestibles
 g - 11 bread rations
 w - a royal jelly
 L - 5 fruits


   Skills:
 - Level 1.6 Fighting
 + Level 9.0 Short Blades
 - Level 2.2 Throwing
 - Level 13.8 Dodging
 + Level 16.9 Stealth


You had 10 spell levels left.
You didn't know any spells.

Dungeon Overview and Level Annotations

Branches:
Dungeon (9/15)             Temple (1/1) D:4            Lair (1/8) D:9
    Orc: D:9-12

Altars:
Cheibriados
Dithmenos
Elyvilon
Fedhas
Gozag
Makhleb
Okawaru
Qazlal
Ru
Sif Muna
Trog
Vehumet
Xom
Yredelemnul
Zin
The Shining One

Shops:
D:4 (   D:8 ([(*   D:9 ?


Innate Abilities, Weirdness & Mutations

You are tiny and cannot use many weapons and most armour.
You have supernaturally acute eyesight.
You are a herbivore.
You cover ground extremely quickly.
You need consume almost no food.


Message History

Press: ? - help, Shift-Dir - straight line, f - lava snake
Aim: a lava snake (black smoke, lava, hasn't noticed you, umbra, chance to defeat MR: 54%)
The lava snake evaporates and reforms as a giant eyeball!
Evoking this partially-identified wand wasted a few charges.
The lava snake hisses angrily.
The lava snake moves out of view.
There are monsters nearby!
The giant eyeball gazes at you.
You suddenly lose the ability to move!
The lava snake spits lava at you. The glob of lava hits you!
The lava snake spits lava at you. The glob of lava hits you!
The lava snake spits lava at you.
Helpless, you fail to dodge the glob of lava.
* * * LOW HITPOINT WARNING * * *
You emit a cloud of dark smoke.
The lava snake spits lava at you.
Helpless, you fail to dodge the glob of lava.
You die...

.. .# # . # #
## #.# ## # .#.
.# # #...# #.
.# ###. ##.###
# # # ..▓.
.....#.#.# #.▓▓
.##### .#.# .
.# ..▓
....#.#... .
###.▓▓▓.#####§#
# . #. .#..§@§#
# #.#. ▓▓
#.###§......
#...▓.....#
.SS≈≈≈§
####.#######
GS!!"≈§ ...
.≈?÷(§. #.#.
.≈?$§§. . #
.§≈≈≈≈. .......


You could see a giant eyeball and 3 lava snakes.

Vanquished Creatures
  Erica (D:8)
  A black mamba (Lair:1)
  A fire drake (D:9)
  4 wandering mushrooms (Lab)
  Grinder (D:3)
  A wraith (D:9)
  Sigmund (D:2)
  6 yaks (Lair:1)
  A trapdoor spider (Lab)
  2 hungry ghosts (D:9)
  A hippogriff (D:9)
  A black bear (D:8)
  2 orc warriors
  A phantom (D:8)
  4 centaurs
  A porcupine (Lair:1)
  An ogre (D:9)
  2 sky beasts (D:7)
  4 ice beasts
  A crocodile (D:8)
  5 giant frogs
  A big kobold (D:8)
  3 gnoll sergeants
  A wyvern skeleton (D:8)
  2 scorpions
  6 killer bees (D:8)
  2 giant frog zombies
  3 centaur zombies
  2 crimson imps
  A gnoll shaman (D:5)
  A centaur skeleton (D:9)
  5 orc priests
  3 hounds
  12 orc wizards
  3 giant frog skeletons
  4 iguanas
  3 worker ants (D:5)
  A hound zombie (D:5)
  2 worker ant zombies
  40 gnolls
  8 adders
  2 shadow imps
  An ooze (D:3)
  2 adder zombies (D:5)
  3 worms
  7 giant geckos
  17 orcs
  20 bats
  2 bat zombies (D:6)
  5 giant cockroaches
  14 hobgoblins
  19 jackals
  23 kobolds
  4 quokkas
  2 ball pythons (D:4)
  A giant cockroach zombie (D:4)
  A giant gecko skeleton (D:4)
  5 giant newts (D:1)
  7 goblins
  18 rats
  A plant (D:8)
299 creatures vanquished.

Notes
Turn   | Place    | Note
--------------------------------------------------------------
     0 | D:1      | AnnoyedKobold the Spriggan Assassin began the quest for the Orb.
     0 | D:1      | Reached XP level 1. HP: 10/10 MP: 2/2
     9 | D:1      | Noticed a giant frog
    40 | D:1      | Reached skill level 6 in Stealth
   205 | D:1      | Reached XP level 2. HP: 11/14 MP: 3/3
   835 | D:1      | Reached skill level 7 in Stealth
  1172 | D:1      | Reached XP level 3. HP: 2/18 MP: 4/4
  1770 | D:2      | Noticed Sigmund
  1777 | D:2      | Killed Sigmund
  1777 | D:2      | Reached skill level 10 in Stealth
  1777 | D:2      | Reached XP level 4. HP: 7/22 MP: 5/5
  1777 | D:2      | Reached XP level 5. HP: 7/25 MP: 6/6
  2922 | D:3      | Found a shimmering altar of Xom.
  2922 | D:3      | Found a shimmering altar of Xom.
  2923 | D:3      | Found a shimmering altar of Xom.
  2924 | D:3      | Found a shimmering altar of Xom.
  3300 | D:3      | Noticed Grinder
  3305 | D:3      | Killed Grinder
  3305 | D:3      | Reached skill level 12 in Stealth
  3305 | D:3      | Reached XP level 6. HP: 30/30 MP: 7/7
  3807 | D:4      | Found a staircase to the Ecumenical Temple.
  3931 | Temple   | Entered the Ecumenical Temple
  3948 | Temple   | Became a worshipper of Dithmenos the Shadowed
  4418 | D:4      | Found Foblugab's Weapon Shoppe.
  4451 | D:4      | Bought 14 poisoned needles for 61 gold pieces
  4451 | D:4      | Bought 6 curare-tipped needles for 39 gold pieces
  4671 | D:5      | Entered Level 5 of the Dungeon
  4740 | D:5      | Reached XP level 7. HP: 33/33 MP: 8/8
  4832 | D:5      | Reached skill level 5 in Dodging
  6222 | D:5      | Reached XP level 8. HP: 29/37 MP: 9/9
  6618 | D:5      | Acquired Dithmenos's first power
  7279 | D:5      | Found a blossoming altar of Fedhas.
  7379 | D:5      | Reached skill level 10 in Dodging
  7403 | D:5      | Found a sacrificial altar of Ru.
  7413 | D:5      | Found an iron altar of Okawaru.
  7415 | D:5      | Found an opulent altar of Gozag.
  7419 | D:5      | Found a burning altar of Makhleb.
  7425 | D:5      | Found a bloodstained altar of Trog.
  8691 | D:6      | Acquired Dithmenos's second power
  8889 | D:6      | You fall through a shaft for 3 floors!
  8889 | D:9      | Found Mankob's Magic Scroll Emporium.
  8893 | D:9      | Bought a scroll of identify for 32 gold pieces
  8893 | D:9      | Bought a scroll of identify for 32 gold pieces
  8893 | D:9      | Bought a scroll of fear for 56 gold pieces
  8893 | D:9      | Bought a scroll of identify for 32 gold pieces
  8893 | D:9      | Bought a scroll of identify for 32 gold pieces
  8893 | D:9      | Bought a scroll of fog for 32 gold pieces
  8996 | D:9      | Noticed a fire drake
  8997 | D:9      | Found a staircase to the Lair.
  9297 | D:8      | Reached XP level 9. HP: 42/42 MP: 10/10
  9302 | D:8      | Reached skill level 13 in Dodging
  9419 | D:8      | Found Negoroef's Weapon Shop.
  9620 | D:8      | Found Merrotofia's General Store.
  9623 | D:8      | Bought a scroll of teleportation for 45 gold pieces
  9664 | D:8      | Found Xysugh's Antique Weapon Shop.
  9691 | D:8      | Noticed Erica
  9736 | D:8      | Found a white marble altar of Elyvilon.
  9881 | D:8      | Found Igrozeav's Armour Emporium.
 10111 | D:8      | Acquired Dithmenos's third power
 10111 | D:8      | Reached skill level 1 in Short Blades
 11220 | D:8      | Killed Erica
 11220 | D:8      | Reached skill level 14 in Stealth
 11354 | D:8      | Reached skill level 5 in Short Blades
 11396 | D:8      | Reached XP level 10. HP: 46/46 MP: 11/11
 12102 | D:9      | Killed a fire drake
 12102 | D:9      | Reached skill level 15 in Stealth
 13077 | Lair:1   | Entered Level 1 of the Lair of Beasts
 13161 | Lair:1   | Acquired Dithmenos's fourth power
 13161 | Lair:1   | Reached skill level 16 in Stealth
 13290 | Lair:1   | Noticed a black mamba
 13310 | Lair:1   | Found a labyrinth entrance.
 13426 | Lair:1   | Killed a black mamba
 13469 | Lab      | Entered a labyrinth
 13643 | Lab      | Reached XP level 11. HP: 49/49 MP: 12/12
 13803 | Lab      | Paralysed by a giant eyeball for 3 turns
 13806 | Lab      | Killed from afar by a lava snake

Vault maps used:
D:1:      evilmike_arrival_come_back
D:2:      uniq_sigmund
D:3:      first_bread, xom_redecorated, uniq_grinder
D:4:      minmay_temple_entry_overgrown, serial_shops, shop,
          minmay_misc_feat_roman
D:5:      lemuel_castle_with_subvaults, minitemple, lemuel_crystal_altar,
          hex_tiny
D:7:      nicolae_ossuary_entry_ruins, serial_shops, nicolae_shop_trees
D:8:      elyvilon_altar_3, serial_shops, kennysheep_mini, shop, shop,
          nicolae_shop_overgrown_old_shop, uniq_erica
D:9:      minmay_lair_entry_lava, serial_shops, shop
Temple:   eino_narrow_crystal_temple_a_12
Lair:1:   lab_entry_generic, uniq_urug
Lab:      lab_hedge, nicolae_lab_big_swirl, nicolae_lab_checkerboard,
          labyrinth_lava_lair, nicolae_lab_diamond, nicolae_lab_blocks,
          nicolae_lab_very_dead_end, nicolae_lab_starburst

Action                   |  1- 3 |  4- 6 |  7- 9 | 10-12 || total
-------------------------+-------+-------+-------+-------++-------
Melee: Dagger            |    95 |   158 |   428 |       ||   681
       Short sword       |       |       |   120 |   160 ||   280
 Fire: Blowgun           |       |       |    62 |    15 ||    77
Throw: Throwing net      |       |       |     2 |       ||     2
Evoke: Wand              |       |       |       |     1 ||     1
  Use: Scroll            |       |     7 |     6 |    11 ||    24
       Potion            |       |     2 |     1 |       ||     3
 Stab: Sleeping          |    14 |    20 |    58 |    29 ||   121
       Distracted        |       |     2 |     4 |     2 ||     8
  Eat: Fruit             |       |     3 |       |       ||     3
       Bread ration      |       |       |     1 |       ||     1
       Pizza             |       |       |       |     2 ||     2
